 Dungeon Crawl Stone Soup version 0.26-a0-597-gb535b0901c (webtiles) character file.

Game seed: 16392977525403803296

359 Cokeysmoke the Stinger (level 6, 0/47 HPs)
             Began as a Gnoll Wanderer on Sept 10, 2020.
             Slain by an orc
             ... wielding a +2 war axe of electrocution
              (6 damage)
             ... on level 3 of the Dungeon.
             The game lasted 00:06:52 (2590 turns).

Cokeysmoke the Stinger (Gnoll Wanderer)             Turns: 2590, Time: 00:06:52

Health: 0/47       AC:  4    Str: 15    XL:     6   Next: 65%
Magic:  9/9        EV: 12    Int: 15    God:
Gold:   114        SH:  0    Dex: 15    Spells: 8/9 levels left

rFire    . . .     SeeInvis .   h - +0 morningstar
rCold    + . .     Faith    .   (no shield)
rNeg     . . .     Spirit   .   m - +2 robe {rC+}
rPois    .         Reflect  .   (no helmet)
rElec    .         Harm     .   (no cloak)
rCorr    .                      (no gloves)
MR       .....                  (no boots)
Stlth    ++........             (no amulet)
HPRegen  0.15/turn              (no ring)
MPRegen  0.11/turn              (no ring)

@: no status effects
A: distributed training, fangs 1, strong nose
a: no special abilities


You were on level 3 of the Dungeon.
You visited 1 branch of the dungeon, and saw 3 of its levels.

You collected 114 gold pieces.

Inventory:

Hand Weapons
 a - a +0 spear
 e - a +0 scythe
 h - a +0 morningstar (weapon)
Armour
 d - a +0 kite shield
 m - a +2 robe of cold resistance (worn)
Scrolls
 c - a scroll of identify {unknown}
 f - 4 scrolls of remove curse {unknown}
 g - a scroll of teleportation {unknown}
 j - a scroll of magic mapping {unknown}
 k - a scroll of fear {unknown}
Potions
 b - a potion of curing {unknown}


   Skills:
 + Level 3.3 Fighting
 + Level 2.0 Short Blades
 + Level 2.0 Long Blades
 + Level 2.0 Axes
 + Level 2.0 Maces & Flails
 + Level 3.3 Polearms
 + Level 2.0 Staves
 + Level 2.0 Slings
 + Level 2.0 Bows
 + Level 2.0 Crossbows
 + Level 3.3 Throwing
 + Level 2.0 Armour
 + Level 2.0 Dodging
 + Level 3.1 Stealth
 + Level 3.3 Shields
 + Level 2.0 Unarmed Combat
 + Level 2.0 Spellcasting
 + Level 1.6 Conjurations
 + Level 1.6 Hexes
 + Level 1.6 Summonings
 + Level 1.6 Necromancy
 + Level 1.6 Translocations
 + Level 4.1 Transmutations
 + Level 1.6 Fire Magic
 + Level 1.6 Ice Magic
 + Level 1.6 Air Magic
 + Level 1.6 Earth Magic
 + Level 5.7 Poison Magic
 + Level 2.2 Invocations
 + Level 2.0 Evocations


You had 8 spell levels left.
You knew the following spells:

 Your Spells              Type           Power        Failure   Level
a - Sting                 Tmut/Pois      ###.         3%          1

Your spell library contained the following spells:

 Spells                   Type           Power        Failure   Level
 Poisonous Vapours        Pois/Air       ##....       8%          2
 Ignite Poison            Fire/Tmut/Pois ##......     14%         3
 Swiftness                Air            #.......     17%         2
 Mephitic Cloud           Conj/Pois/Air  ##......     19%         3
 Olgreb's Toxic Radiance  Pois           ###.....     22%         4


Dungeon Overview and Level Annotations

Branches:
Dungeon (3/15)

Altars:
Trog


Innate Abilities, Weirdness & Mutations

Your experience applies equally to all skills.
You have very sharp teeth.
Your uncanny sense of smell can sniff out nearby items.


Message History

You hit the orc. You bite the orc.
The orc is heavily wounded.
The orc hits you with a +0 club.
You closely miss the orc. Your bite misses the orc.
The orc is heavily wounded.
The orc closely misses you. The orc hits you with a +0 club.
You hit the orc.
You kill the orc!
The orc barely misses you.
You completely miss the orc. The orc barely misses you.
You hit the orc but do no damage.
The orc hits you with a +2 war axe of electrocution.
You are electrocuted!
* * * LOW HITPOINT WARNING * * *
You closely miss the orc.
The orc hits you with a +2 war axe of electrocution.
* * * LOW HITPOINT WARNING * * *
You completely miss the orc.
The orc hits you with a +2 war axe of electrocution.
You die...

.# ###### #.# #....# #.#
#....# #.# #....# #.#
#....############.#
#.............@o..#
####.###########..# #.# ..
#..# .#
#.####.##.#.#.w########( ..
#...[....<.............. ..
#.#########.#..o.......# #
#.# #......#..o.......#
#.####.#######.........#
###
####>......................
...


You could see an orc.

Vanquished Creatures
  Sigmund (D:2)
  An ice beast (D:3)
  Terence (D:2)
  An adder (D:2)
  3 worms
  2 dart slugs
  A leopard gecko (D:1)
  3 orcs (D:3)
  A ball python (D:1)
  8 giant cockroaches
  A goblin (D:1)
  4 hobgoblins
  8 kobolds
  A quokka (D:2)
  4 bats
  3 frilled lizards
  7 rats
50 creatures vanquished.

Vanquished Creatures (others)
  A wizard (D:3)
1 creature vanquished.

Grand Total: 51 creatures vanquished

Notes
Turn   | Place    | Note
-------+----------+-------------------------------------------
     0 | D:1      | Cokeysmoke the Gnoll Wanderer began the quest for the Orb.
     0 | D:1      | Cokeysmoke set off with the following items: a +0 spear, a
                  | +0 robe; and the following spell memorised: Sting; and the
                  | following spells available to memorise: Poisonous Vapours,
                  | Ignite Poison, Olgreb's Toxic Radiance, Mephitic Cloud,
                  | Swiftness
     0 | D:1      | Reached XP level 1. HP: 17/17 MP: 1/1
   184 | D:1      | Reached XP level 2. HP: 21/23 MP: 2/2
   798 | D:2      | Reached XP level 3. HP: 15/28 MP: 1/3
  1113 | D:2      | Noticed Terence
  1120 | D:2      | HP: 1/28 [Terence/+0 morningstar (13)]
  1126 | D:2      | Killed Terence
  1126 | D:2      | Reached skill level 1 in Short Blades
  1126 | D:2      | Reached skill level 1 in Long Blades
  1126 | D:2      | Reached skill level 1 in Axes
  1126 | D:2      | Reached skill level 1 in Maces & Flails
  1126 | D:2      | Reached skill level 1 in Staves
  1126 | D:2      | Reached skill level 1 in Slings
  1126 | D:2      | Reached skill level 1 in Bows
  1126 | D:2      | Reached skill level 1 in Crossbows
  1126 | D:2      | Reached skill level 1 in Armour
  1126 | D:2      | Reached skill level 1 in Dodging
  1126 | D:2      | Reached skill level 1 in Unarmed Combat
  1126 | D:2      | Reached skill level 1 in Spellcasting
  1126 | D:2      | Reached skill level 1 in Invocations
  1126 | D:2      | Reached skill level 1 in Evocations
  1126 | D:2      | Reached XP level 4. HP: 14/34 MP: 3/5
  1706 | D:2      | Noticed Sigmund
  1725 | D:2      | Killed Sigmund
  1725 | D:2      | Reached skill level 1 in Conjurations
  1725 | D:2      | Reached skill level 1 in Hexes
  1725 | D:2      | Reached skill level 1 in Summonings
  1725 | D:2      | Reached skill level 1 in Necromancy
  1725 | D:2      | Reached skill level 1 in Translocations
  1725 | D:2      | Reached skill level 1 in Fire Magic
  1725 | D:2      | Reached skill level 1 in Ice Magic
  1725 | D:2      | Reached skill level 1 in Air Magic
  1725 | D:2      | Reached skill level 1 in Earth Magic
  1725 | D:2      | Reached XP level 5. HP: 21/41 MP: 2/7
  1725 | D:2      | Reached XP level 6. HP: 25/47 MP: 2/8
  2174 | D:3      | Noticed an ice beast
  2186 | D:3      | Killed an ice beast
  2365 | D:3      | Found a bloodstained altar of Trog.
  2366 | D:3      | Noticed a wizard
  2371 | D:3      | Killed a wizard
  2590 | D:3      | Slain by an orc

Illustrated notes

Levels and vault maps discovered:
D:1:      lightli_arrival_maybe_door_vault, layout_basic
D:2:      layout_loops_ring, uniq_sigmund, uniq_terence
D:3:      layout_basic, minmay_misc_feat_more_columns, trog_wizard

Skill      XL: |  1  2  3  4  5  6 |
---------------+-------------------+-----
Short Blades   | 1 2 |  2.0
Long Blades    | 1 2 |  2.0
Axes           | 1 2 |  2.0
Maces & Flails | 1 2 |  2.0
Staves         | 1 2 |  2.0
Slings         | 1 2 |  2.0
Bows           | 1 2 |  2.0
Crossbows      | 1 2 |  2.0
Armour         | 1 2 |  2.0
Dodging        | 1 2 |  2.0
Unarmed Combat | 1 2 |  2.0
Spellcasting   | 1 2 |  2.0
Invocations    | 1 2 |  2.2
Evocations     | 1 2 |  2.0
Fighting       | 3 |  3.3
Polearms       | 3 |  3.3
Throwing       | 3 |  3.3
Stealth        | 3 |  3.1
Shields        | 3 |  3.3
Conjurations   | 1 |  1.6
Hexes          | 1 |  1.6
Summonings     | 1 |  1.6
Necromancy     | 1 |  1.6
Translocations | 1 |  1.6
Transmutations | 4 |  4.1
Fire Magic     | 1 |  1.6
Ice Magic      | 1 |  1.6
Air Magic      | 1 |  1.6
Earth Magic    | 1 |  1.6
Poison Magic   | |  5.7

Action                   |  1- 3 |  4- 6 || total
-------------------------+-------+-------++-------
Melee: Spear             |    95 |       ||    95
       Bite              |     4 |    11 ||    15
       Morningstar       |       |    94 ||    94
       Punch             |       |     1 ||     1
 Cast: Sting             |     3 |     4 ||     7
  Use: Potion            |     1 |     1 ||     2
 Stab: Sleeping          |     3 |     2 ||     5
Armor: Robe              |    13 |     9 ||    22
       Ring mail         |       |    14 ||    14
Dodge: Dodged            |    45 |    59 ||   104

Table legend: (Time is in decaauts)
 A = Elapsed time spent in this place.
 B = Non-inter-level travel time spent in this place.
 C = Inter-level travel time spent in this place.
 D = Time resting spent in this place.
 E = Time spent auto-exploring this place.
 F = Levels seen in this place.
 G = Mean time per level.
                   A        B        C        D        E       F      G
               +--------+--------+--------+--------+--------+-----+--------+
         Total |   2625 |   2600 |     25 |    144 |   1940 |   3 |  875.0 |
       Dungeon |   2625 |   2600 |     25 |    144 |   1940 |   3 |  875.0 |
               +--------+--------+--------+--------+--------+-----+--------+

Top non-repeatable levels by time:
     D:2: 1358 daAuts
     D:1: 787 daAuts
     D:3: 479 daAuts
